[Event "HUN-ch U8-U18 2019"]
[Site "Balatonlelle"]
[Date "2019.06.23"]
[Round "3.20"]
[White "Bodrogi, Bendeguz"]
[Black "Szegedy, Matyas"]
[Result "1/2-1/2"]
[ECO "A20"]
[WhiteElo "1925"]
[BlackElo "1806"]
[Annotator "NA"]
[PlyCount "69"]
[EventDate "2019.06.21"]
[EventType "swiss"]
[EventCountry "HUN"]
[SourceTitle "playchess.com"]
[Source "ChessBase"]
[SourceQuality "1"]
[TimeControl "40/5400+30:1800+30"]

1. c4 e5 2. g3 Nf6 3. Bg2 c6 4. Nf3 e4 5. Nd4 d5 6. cxd5 Qxd5 7. Nc2 Qh5 8. Nc3 Qg6 9. Ne3 Bb4 10. Qc2 Bxc3 11. bxc3 O-O 12. O-O Be6 13. d4 Rd8 14. Ba3 Re8 15. Rfd1 Nbd7 16. c4 Nb6 17. Rab1 Ng4 18. Nxg4 Bxg4 19. e3 Bxd1 20. Rxd1 Qe6 21. Bf1 Rad8 22. Rb1 Rd7 23. Bc5 Nc8 24. a4 b6 25. Ba3 Ne7 26. a5 bxa5 27. Qa4 Ng6 28. Bc5 h5 29. Qxa5 h4 30. Bxa7 hxg3 31. hxg3 Ra8 32. Rb8+ Rxb8 33. Bxb8 Rb7 34. Bf4 Rb1 35. Qa2 1/2-1/2

[Event "HUN-ch U8-U18 2019"]
[Site "Balatonlelle"]
[Date "2019.06.23"]
[Round "3.21"]
[White "Szabo, Andrea Erzsebet"]
[Black "Erseki, Tamara"]
[Result "0-1"]
[ECO "D10"]
[WhiteElo "1582"]
[BlackElo "1999"]
[Annotator "NA"]
[PlyCount "48"]
[EventDate "2019.06.21"]
[EventType "swiss"]
[EventCountry "HUN"]
[SourceTitle "playchess.com"]
[Source "ChessBase"]
[SourceQuality "1"]
[TimeControl "40/5400+30:1800+30"]

1. d4 d5 2. Nf3 Nf6 3. c4 c6 4. cxd5 cxd5 5. Bf4 Nc6 6. e3 Bg4 7. h3 Bh5 8. Be2 e6 9. Ne5 Bxe2 10. Qxe2 Bb4+ 11. Kf1 Nxe5 12. Bxe5 O-O 13. Nd2 Rc8 14. a3 Bd6 15. Nf3 Ne4 16. g3 Bxe5 17. Nxe5 Rc7 18. Nd3 Qc8 19. Kg2 Rc2 20. Qf3 Qc4 21. Rhd1 Nd2 22. Ne5 Qb3 23. Qe2 Ne4 24. Qd3 Rxf2+ 0-1

[Event "HUN-ch U8-U18 2019"]
[Site "Balatonlelle"]
[Date "2019.06.23"]
[Round "3.21"]
[White "Kossela, Peter"]
[Black "Toth, Gergely"]
[Result "1-0"]
[ECO "B40"]
[WhiteElo "1480"]
[BlackElo "2183"]
[Annotator "NA"]
[PlyCount "53"]
[EventDate "2019.06.21"]
[EventType "swiss"]
[EventCountry "HUN"]
[SourceTitle "playchess.com"]
[Source "ChessBase"]
[SourceQuality "1"]
[TimeControl "40/5400+30:1800+30"]

1. e4 c5 2. Nf3 e6 3. c4 a6 4. d4 cxd4 5. Nxd4 Qc7 6. Bd3 Nf6 7. O-O Be7 8. Nc3 d6 9. Qe2 O-O 10. Re1 Nbd7 11. Be3 b6 12. f4 Bb7 13. Qd2 Nc5 14. Bf2 Ng4 15. Rad1 Nxf2 16. Qxf2 Nxd3 17. Rxd3 Qxc4 18. Rh3 Rac8 19. Nf3 d5 20. Kh1 dxe4 21. Ne5 Qc7 22. Qg3 Rcd8 23. Qg4 Rd2 24. Qh5 h6 25. Rg3 Kh7 26. Nxf7 Bh4 27. Qg6+ 1-0

[Event "HUN-ch U8-U18 2019"]
[Site "Balatonlelle"]
[Date "2019.06.23"]
[Round "3.22"]
[White "Konyves, Almos"]
[Black "Gergely, Daniel"]
[Result "1/2-1/2"]
[ECO "D15"]
[WhiteElo "2125"]
[BlackElo "1427"]
[Annotator "NA"]
[PlyCount "90"]
[EventDate "2019.06.21"]
[EventType "swiss"]
[EventCountry "HUN"]
[SourceTitle "playchess.com"]
[Source "ChessBase"]
[SourceQuality "1"]
[TimeControl "40/5400+30:1800+30"]

1. Nf3 d5 2. d4 Nf6 3. c4 c6 4. Nc3 dxc4 5. e3 b5 6. a4 Nd5 7. axb5 Nxc3 8. bxc3 cxb5 9. Qc2 Bb7 10. e4 e6 11. Rb1 a6 12. Bxc4 Qc7 13. Bd3 Nd7 14. O-O Be7 15. Bd2 O-O 16. e5 h6 17. Qc1 Qd8 18. Bxh6 Bxf3 19. gxf3 Nxe5 20. Be4 Ng6 21. Be3 Rb8 22. f4 f5 23. Bh1 Bd6 24. Re1 Qc7 25. Ra1 Nxf4 26. Bxf4 Bxf4 27. Qc2 Bxh2+ 28. Kg2 Rf6 29. Qb3 Rg6+ 30. Kf3 Qf4+ 31. Ke2 Qd6 32. Kd3 Bf4 33. Bf3 b4 34. Qc4 Rb6 35. cxb4 Qxb4 36. Qxb4 Rxb4 37. Rxa6 Rb3+ 38. Ke2 Rb2+ 39. Kf1 Bh2 40. Bg2 Rxf2+ 41. Kxf2 Bg3+ 42. Kf1 Bxe1 43. d5 Bh4 44. Rxe6 Rg3 45. d6 Rd3 1/2-1/2

[Event "HUN-ch U8-U18 2019"]
[Site "Balatonlelle"]
[Date "2019.06.23"]
[Round "3.22"]
[White "Molnar, Liza Dorottya"]
[Black "Sulyok, Eszter"]
[Result "1/2-1/2"]
[ECO "B40"]
[WhiteElo "1559"]
[BlackElo "1840"]
[Annotator "NA"]
[PlyCount "94"]
[EventDate "2019.06.21"]
[EventType "swiss"]
[EventCountry "HUN"]
[SourceTitle "playchess.com"]
[Source "ChessBase"]
[SourceQuality "1"]
[TimeControl "40/5400+30:1800+30"]

1. e4 c5 2. Nf3 e6 3. c3 d5 4. exd5 Qxd5 5. d4 Nf6 6. Be2 cxd4 7. Qxd4 Nc6 8. Qxd5 Nxd5 9. O-O Be7 10. Nbd2 O-O 11. Nb3 a6 12. Nbd4 Nxd4 13. Nxd4 Bf6 14. Nb3 Rb8 15. Bf3 Ne7 16. Be3 b6 17. Nd4 Bd7 18. Rfd1 e5 19. Ne2 Bb5 20. Ng3 Bh4 21. Ne4 f5 22. Nd6 e4 23. Nxb5 exf3 24. g3 axb5 25. gxh4 f4 26. Bd4 Ng6 27. h5 Nh4 28. Re1 Ng2 29. Re5 b4 30. cxb4 Rfd8 31. Bc3 Rb7 32. a4 Rbd7 33. h3 Rd1+ 34. Rxd1 Rxd1+ 35. Kh2 Ne3 36. a5 bxa5 37. bxa5 Nf1+ 38. Kg1 Nd2+ 39. Kh2 Nf1+ 40. Kg1 Ne3+ 41. Kh2 Ra1 42. b4 Rc1 43. a6 Nf1+ 44. Kg1 Nd2+ 45. Kh2 Nf1+ 46. Kg1 Nd2+ 47. Kh2 Nf1+ 1/2-1/2

[Event "HUN-ch U8-U18 2019"]
[Site "Balatonlelle"]
[Date "2019.06.23"]
[Round "3.23"]
[White "Karacsonyi, Kata"]
[Black "Kovacsi, Sara Kata"]
[Result "1-0"]
[ECO "B27"]
[WhiteElo "1798"]
[BlackElo "1570"]
[Annotator "NA"]
[PlyCount "111"]
[EventDate "2019.06.21"]
[EventType "swiss"]
[EventCountry "HUN"]
[SourceTitle "playchess.com"]
[Source "ChessBase"]
[SourceQuality "1"]
[TimeControl "40/5400+30:1800+30"]

1. e4 c5 2. Nf3 b6 3. d4 cxd4 4. Nxd4 Bb7 5. Bd3 d6 6. O-O Nf6 7. Nc3 g6 8. Be3 Bg7 9. h3 O-O 10. Qd2 Re8 11. Rad1 Nbd7 12. f4 a6 13. f5 Nc5 14. fxg6 hxg6 15. Qf2 b5 16. a3 Qc7 17. Qh4 Ncd7 18. Nf3 Rac8 19. Bh6 Qc5+ 20. Kh1 Qh5 21. Bxg7 Qxh4 22. Nxh4 Kxg7 23. Nf3 Rc5 24. Kh2 Ne5 25. Nxe5 Rxe5 26. Rde1 Rh8 27. Rg1 Bc8 28. Nd5 Nxd5 29. exd5 Rxe1 30. Rxe1 Kf6 31. Rf1+ Kg7 32. Re1 Kf6 33. c4 bxc4 34. Bxc4 Bb7 35. g4 g5 36. Kg3 Bc8 37. Re3 e6 38. dxe6 fxe6 39. Rb3 d5 40. Bd3 a5 41. Rb8 Kg7 42. b4 axb4 43. axb4 e5 44. Bf5 Bxf5 45. Rxh8 Bd3 46. Rd8 Bc4 47. b5 Bxb5 48. Rxd5 Ba4 49. Rxe5 Kf6 50. Ra5 Be8 51. Ra6+ Kg7 52. h4 gxh4+ 53. Kxh4 Bg6 54. Kg5 Bd3 55. Ra7+ Kg8 56. Kh6 1-0

[Event "HUN-ch U8-U18 2019"]
[Site "Balatonlelle"]
[Date "2019.06.23"]
[Round "3.23"]
[White "Kasnya, Peter"]
[Black "Kolimar, Kristof Pal"]
[Result "0-1"]
[ECO "B43"]
[WhiteElo "1496"]
[BlackElo "1979"]
[Annotator "NA"]
[PlyCount "72"]
[EventDate "2019.06.21"]
[EventType "swiss"]
[EventCountry "HUN"]
[SourceTitle "playchess.com"]
[Source "ChessBase"]
[SourceQuality "1"]
[TimeControl "40/5400+30:1800+30"]

1. e4 c5 2. Nf3 e6 3. d4 cxd4 4. Nxd4 a6 5. Nc3 Qc7 6. Be3 Bb4 7. Bd2 Nf6 8. Bd3 O-O 9. O-O Bc5 10. Nb3 Be7 11. Kh1 Nc6 12. f4 d6 13. Qf3 Re8 14. Rae1 Bd7 15. a3 Rac8 16. Be3 b5 17. Nd4 Nxd4 18. Bxd4 e5 19. fxe5 dxe5 20. Be3 Be6 21. Bg5 Nd7 22. Bxe7 Rxe7 23. Nd5 Bxd5 24. exd5 Qd6 25. Qh3 g6 26. Qh4 Rce8 27. Re3 Qxd5 28. Rh3 f5 29. c4 Qc5 30. b4 Qc6 31. c5 e4 32. Re1 Ne5 33. Bc2 Kh8 34. Qf4 Qf6 35. Rg3 Nd3 36. Qe3 f4 0-1

[Event "HUN-ch U8-U18 2019"]
[Site "Balatonlelle"]
[Date "2019.06.23"]
[Round "3.24"]
[White "Megyaszai, Balazs"]
[Black "Vancsisin, Mark"]
[Result "1-0"]
[ECO "C44"]
[WhiteElo "1905"]
[BlackElo "1246"]
[Annotator "NA"]
[PlyCount "67"]
[EventDate "2019.06.21"]
[EventType "swiss"]
[EventCountry "HUN"]
[SourceTitle "playchess.com"]
[Source "ChessBase"]
[SourceQuality "1"]
[TimeControl "40/5400+30:1800+30"]

1. e4 e5 2. Nf3 Nc6 3. d4 exd4 4. Bc4 Bc5 5. Ng5 Nh6 6. Nxf7 Nxf7 7. Bxf7+ Kxf7 8. Qh5+ g6 9. Qxc5 d5 10. O-O dxe4 11. c3 Bf5 12. Bf4 Re8 13. Na3 Kf6 14. Nb5 Rc8 15. Nxd4 Nxd4 16. cxd4 Re6 17. Rac1 Qe7 18. Qc3 Rc6 19. Qg3 Kf7 20. Qb3+ Kg7 21. Be5+ Kh6 22. Qe3+ g5 23. Rxc6+ bxc6 24. f3 c5 25. fxe4 cxd4 26. Qg3 Re8 27. Rxf5 Kg6 28. Rf6+ Qxf6 29. Bxf6 Kxf6 30. Qxc7 Rxe4 31. Qxa7 Kf5 32. Qf7+ Kg4 33. Qf3+ Kh4 34. Qxe4+ 1-0

[Event "HUN-ch U8-U18 2019"]
[Site "Balatonlelle"]
[Date "2019.06.23"]
[Round "3.24"]
[White "Varga, Mira Adel"]
[Black "Bodo, Boglarka"]
[Result "0-1"]
[ECO "C42"]
[WhiteElo "1133"]
[BlackElo "1646"]
[Annotator "NA"]
[PlyCount "90"]
[EventDate "2019.06.21"]
[EventType "swiss"]
[EventCountry "HUN"]
[SourceTitle "playchess.com"]
[Source "ChessBase"]
[SourceQuality "1"]
[TimeControl "40/5400+30:1800+30"]

1. e4 e5 2. Nf3 Nf6 3. d3 Nc6 4. Nc3 Bb4 5. Bg5 h6 6. Bh4 d6 7. Be2 O-O 8. O-O Bxc3 9. bxc3 Re8 10. Nd2 Be6 11. Nb3 a6 12. Bf3 g5 13. Bg3 d5 14. Nc5 dxe4 15. Nxe6 Rxe6 16. dxe4 Rd6 17. Qe1 Rd2 18. Rc1 Qd6 19. Rd1 Rd8 20. Rxd2 Qxd2 21. Bd1 Qxe1 22. Rxe1 Nxe4 23. Bf3 Nxg3 24. hxg3 f6 25. Bxc6 bxc6 26. f3 Rd2 27. Rc1 Kf7 28. Kh2 Ke6 29. Kh3 h5 30. g4 hxg4+ 31. fxg4 f5 32. gxf5+ Kxf5 33. Kg3 e4 34. Rf1+ Ke5 35. Rf2 Rxf2 36. Kxf2 Kf4 37. g3+ Kg4 38. c4 e3+ 39. Kg2 e2 40. Kf2 e1=Q+ 41. Kxe1 Kxg3 42. Kf1 Kf3 43. c5 Ke3 44. Ke1 g4 45. a4 a5 0-1

[Event "HUN-ch U8-U18 2019"]
[Site "Balatonlelle"]
[Date "2019.06.23"]
[Round "3.25"]
[White "Turcsanyi, Vince Gergo"]
[Black "Andras, Ferenc"]
[Result "0-1"]
[ECO "B01"]
[WhiteElo "1816"]
[BlackElo "1329"]
[Annotator "NA"]
[PlyCount "104"]
[EventDate "2019.06.21"]
[EventType "swiss"]
[EventCountry "HUN"]
[SourceTitle "playchess.com"]
[Source "ChessBase"]
[SourceQuality "1"]
[TimeControl "40/5400+30:1800+30"]

1. e4 d5 2. exd5 Qxd5 3. Nc3 Qd8 4. Nf3 Nf6 5. Bc4 e6 6. d3 Bb4 7. Bd2 O-O 8. O-O b6 9. a3 Bd6 10. Ne4 Nxe4 11. dxe4 Bb7 12. Bd3 Nd7 13. b4 c5 14. c3 Qc7 15. h3 Ne5 16. Nxe5 Bxe5 17. f4 Rfd8 18. Rf3 Bf6 19. Rg3 cxb4 20. e5 Bh4 21. Bxh7+ Kf8 22. Re3 Qc5 23. axb4 Qxe3+ 24. Bxe3 Rxd1+ 25. Rxd1 g6 26. Rd7 Bc6 27. Rc7 Be4 28. f5 Bxf5 29. Bh6+ Ke8 30. g4 Be4 31. Bg8 Be7 32. h4 a5 33. bxa5 bxa5 34. Rc4 Bc2 35. Rf4 Bc5+ 36. Kf1 Ra7 37. Ke2 a4 38. Rf1 a3 39. Kd2 a2 40. Ra1 Bb1 41. Be3 Bxe3+ 42. Kxe3 Kf8 43. Kd4 Kxg8 44. c4 Kg7 45. Kc5 f6 46. exf6+ Kxf6 47. Kb6 Ra4 48. c5 Rxg4 49. c6 Rc4 50. c7 Rxc7 51. Kxc7 e5 52. h5 gxh5 0-1

[Event "HUN-ch U8-U18 2019"]
[Site "Balatonlelle"]
[Date "2019.06.23"]
[Round "3.27"]
[White "Karacsonyi, Bank"]
[Black "Giang, Tran Nam"]
[Result "0-1"]
[ECO "B40"]
[WhiteElo "1529"]
[BlackElo "2008"]
[Annotator "NA"]
[PlyCount "54"]
[EventDate "2019.06.21"]
[EventType "swiss"]
[EventCountry "HUN"]
[SourceTitle "playchess.com"]
[Source "ChessBase"]
[SourceQuality "1"]
[TimeControl "40/5400+30:1800+30"]

1. e4 c5 2. Nf3 e6 3. c4 Nc6 4. Nc3 e5 5. d3 d6 6. g3 f5 7. Bg2 Nf6 8. Bg5 Be7 9. O-O O-O 10. Qd2 Be6 11. Bxf6 Bxf6 12. Bh3 Qd7 13. Nd5 Rae8 14. Ng5 Bxg5 15. Qxg5 Nd4 16. f4 fxe4 17. Bg2 h6 18. Qh5 Bxd5 19. cxd5 exd3 20. Be4 exf4 21. Qg6 Rf6 22. Qh7+ Kf7 23. Rxf4 Ne2+ 24. Kg2 Nxf4+ 25. gxf4 Qg4+ 26. Kh1 d2 27. Rg1 Qxg1+ 0-1

[Event "HUN-ch U8-U18 2019"]
[Site "Balatonlelle"]
[Date "2019.06.23"]
[Round "3.28"]
[White "Panda, Barnabas"]
[Black "Matyassy, Lazar"]
[Result "0-1"]
[ECO "E97"]
[WhiteElo "1722"]
[BlackElo "1539"]
[Annotator "NA"]
[PlyCount "93"]
[EventDate "2019.06.21"]
[EventType "swiss"]
[EventCountry "HUN"]
[SourceTitle "playchess.com"]
[Source "ChessBase"]
[SourceQuality "1"]
[TimeControl "40/5400+30:1800+30"]

1. d4 Nf6 2. c4 g6 3. Nc3 Bg7 4. e4 d6 5. Nf3 O-O 6. Be2 e5 7. O-O Nc6 8. d5 Ne7 9. b4 a5 10. b5 Nd7 11. Ne1 Nc5 12. Nd3 Nxd3 13. Bxd3 f5 14. f3 f4 15. Ba3 b6 16. Qe1 g5 17. Be2 Ng6 18. g3 Bf6 19. g4 Rf7 20. Nb1 h6 21. Nd2 Rh7 22. c5 dxc5 23. Nc4 Be7 24. Bb2 Bd6 25. Nxd6 cxd6 26. a4 Kf7 27. Bc4 Bd7 28. Rd1 Qf6 29. Bc3 Rah8 30. Rf2 Qd8 31. Rb1 Qa8 32. Rbb2 h5 33. gxh5 Rxh5 34. Rb1 Bh3 35. Rbb2 Nh4 36. Rbd2 Bg2 37. Qd1 Bxf3 38. Rxf3 Nxf3+ 39. Qxf3 g4 40. Qg2 Rh3 41. Bb2 g3 42. Qf1 Qg8 43. Rg2 Rxh2 44. Rxh2 gxh2+ 45. Kh1 Qg3 46. Ba2 f3 47. Qd1 0-1

[Event "HUN-ch U8-U18 2019"]
[Site "Balatonlelle"]
[Date "2019.06.23"]
[Round "3.29"]
[White "Toth, Barnabas"]
[Black "Csernyik, Mark"]
[Result "0-1"]
[ECO "B01"]
[WhiteElo "2057"]
[BlackElo "1704"]
[Annotator "NA"]
[PlyCount "102"]
[EventDate "2019.06.21"]
[EventType "swiss"]
[EventCountry "HUN"]
[SourceTitle "playchess.com"]
[Source "ChessBase"]
[SourceQuality "1"]
[TimeControl "40/5400+30:1800+30"]

1. e4 d5 2. exd5 Qxd5 3. Nc3 Qd6 4. d4 Nf6 5. Nf3 a6 6. Bd3 e6 7. O-O Be7 8. Ne4 Nxe4 9. Bxe4 O-O 10. c3 Nc6 11. Qc2 f5 12. Bd3 b5 13. a3 Bb7 14. Re1 Bf6 15. Qb3 Rae8 16. Bxf5 Na5 17. Bxe6+ Kh8 18. Qb4 Bxf3 19. Qxd6 cxd6 20. gxf3 Nb3 21. Rb1 Bxd4 22. Re4 Bxf2+ 23. Kxf2 Nc5 24. Re3 Rxe6 25. Rxe6 Nxe6 26. Be3 g5 27. Rg1 h6 28. h3 Kh7 29. Rd1 Rd8 30. Bd4 Kg6 31. Bb6 Rd7 32. Ba5 Nf4 33. Kg3 Kf5 34. Bb4 d5 35. Bc5 h5 36. Be3 h4+ 37. Kh2 Rd8 38. Bxf4 Kxf4 39. Kg2 Ke3 40. Rd4 Rd6 41. Rg4 d4 42. cxd4 Rxd4 43. Rxg5 Rd2+ 44. Kh1 Rxb2 45. f4 Kxf4 46. Rg4+ Kf3 47. Rxh4 Kg3 48. Rb4 Rxb4 49. axb4 a5 50. bxa5 b4 51. h4 b3 0-1

[Event "HUN-ch U8-U18 2019"]
[Site "Balatonlelle"]
[Date "2019.06.23"]
[Round "3.30"]
[White "Foldes, Marton Gabor"]
[Black "Megyeri, Martin"]
[Result "1/2-1/2"]
[ECO "B33"]
[WhiteElo "1653"]
[BlackElo "1520"]
[Annotator "NA"]
[PlyCount "111"]
[EventDate "2019.06.21"]
[EventType "swiss"]
[EventCountry "HUN"]
[SourceTitle "playchess.com"]
[Source "ChessBase"]
[SourceQuality "1"]
[TimeControl "40/5400+30:1800+30"]

1. e4 c5 2. Nf3 Nc6 3. d4 cxd4 4. Nxd4 Nf6 5. Nc3 e5 6. Ndb5 d6 7. Bg5 a6 8. Na3 b5 9. Nd5 Be7 10. Bxf6 Bxf6 11. c4 b4 12. Nc2 a5 13. g3 O-O 14. Bg2 Bg5 15. O-O Ne7 16. h4 Nxd5 17. Qxd5 Be6 18. Qd3 Be7 19. b3 Qb6 20. Rad1 Rac8 21. Ne3 Qa7 22. Kh1 Kh8 23. Nd5 Bxd5 24. Qxd5 Rc5 25. Qd2 Rb8 26. f4 Rd8 27. fxe5 f6 28. exf6 Bxf6 29. Qf4 Qe7 30. g4 Be5 31. Qf2 Rcc8 32. g5 Rf8 33. Qe3 Rxf1+ 34. Bxf1 Rf8 35. Kg1 Bf4 36. Qe2 Bg3 37. Qg4 Be5 38. Bg2 Qa7+ 39. Kh1 Qe7 40. Rd3 Qe8 41. Rh3 Rf4 42. Qe2 Qf8 43. h5 Rf2 44. Rf3 Qxf3 45. Qxf3 Rxf3 46. Bxf3 Bf4 47. g6 h6 48. Kg2 Kg8 49. Kh3 Kf8 50. Kg4 Be5 51. Kf5 Ke7 52. c5 Bd4 53. c6 Bb6 54. Be2 Bc7 55. Bc4 Bb6 56. e5 1/2-1/2

[Event "HUN-ch U8-U18 2019"]
[Site "Balatonlelle"]
[Date "2019.06.23"]
[Round "3.31"]
[White "Varga, Boldizsar"]
[Black "Pasti, Zsombor"]
[Result "0-1"]
[ECO "C47"]
[WhiteElo "1804"]
[BlackElo "1641"]
[Annotator "NA"]
[PlyCount "76"]
[EventDate "2019.06.21"]
[EventType "swiss"]
[EventCountry "HUN"]
[SourceTitle "playchess.com"]
[Source "ChessBase"]
[SourceQuality "1"]
[TimeControl "40/5400+30:1800+30"]

1. e4 e5 2. Nf3 Nc6 3. Bc4 Nf6 4. Nc3 Bb4 5. O-O d6 6. h3 Bxc3 7. dxc3 Nxe4 8. Qd5 Be6 9. Qxe4 d5 10. Qe2 dxc4 11. Nxe5 O-O 12. Nxc6 bxc6 13. Bf4 Re8 14. Qf3 Bd5 15. Qg3 Re6 16. f3 Rg6 17. Qf2 Qd7 18. Kh2 Be6 19. Rad1 Qc8 20. Qh4 Bf5 21. Rd2 Re6 22. Rfd1 f6 23. Rd8+ Qxd8 24. Rxd8+ Rxd8 25. Qf2 Rde8 26. Qxa7 Re2 27. Qxc7 Rxc2 28. Qxc6 Ree2 29. Qxc4+ Be6 30. Qd3 Rxg2+ 31. Kh1 g5 32. Bd2 Rcxd2 33. Qe3 Rh2+ 34. Kg1 Rdg2+ 35. Kf1 Bc4+ 36. Ke1 Re2+ 37. Qxe2 Rxe2+ 38. Kd1 Rxb2 0-1

[Event "HUN-ch U8-U18 2019"]
[Site "Balatonlelle"]
[Date "2019.06.23"]
[Round "3.32"]
[White "Vadkerti, Vince"]
[Black "Lehocz, Jozsef Jr."]
[Result "0-1"]
[ECO "B01"]
[WhiteElo "1558"]
[BlackElo "1382"]
[Annotator "NA"]
[PlyCount "90"]
[EventDate "2019.06.21"]
[EventType "swiss"]
[EventCountry "HUN"]
[SourceTitle "playchess.com"]
[Source "ChessBase"]
[SourceQuality "1"]
[TimeControl "40/5400+30:1800+30"]

1. e4 d5 2. exd5 Qxd5 3. Nc3 Qd6 4. d4 Nf6 5. Nf3 Bg4 6. h3 Bh5 7. Be2 e6 8. Be3 c6 9. Qd2 Bxf3 10. Bxf3 Nbd7 11. O-O Be7 12. Rfe1 O-O 13. a3 Nb6 14. Bf4 Qd7 15. Be2 Rad8 16. Rad1 Nbd5 17. Nxd5 Nxd5 18. Bh2 Bf6 19. c3 Ne7 20. g4 g6 21. g5 Bg7 22. Bd3 e5 23. Qe3 Nd5 24. Qf3 exd4 25. c4 Nc7 26. h4 Ne6 27. Qe4 Nc5 28. Qe2 Rfe8 29. Qc2 Qg4+ 30. Bg3 Be5 31. Be2 Qd7 32. f4 Bc7 33. Bf2 d3 34. Qb1 Rxe2 35. Rxe2 Qg4+ 36. Kh1 Qxe2 37. Bxc5 Bxf4 38. Kg1 Qg4+ 39. Kf1 Qh3+ 40. Kg1 Bh2+ 41. Kf2 Bg3+ 42. Ke3 Bd6+ 43. Kd2 Bxc5 44. Re1 Qg2+ 45. Kc3 d2 {[%emt 0:01:48] Kd4} 0-1

[Event "HUN-ch U8-U18 2019"]
[Site "Balatonlelle"]
[Date "2019.06.23"]
[Round "3.33"]
[White "Havasi, Gergely Bulcsu"]
[Black "Csontos, Aron"]
[Result "1/2-1/2"]
[ECO "D02"]
[WhiteElo "1486"]
[BlackElo "1376"]
[Annotator "NA"]
[PlyCount "53"]
[EventDate "2019.06.21"]
[EventType "swiss"]
[EventCountry "HUN"]
[SourceTitle "playchess.com"]
[Source "ChessBase"]
[SourceQuality "1"]
[TimeControl "40/5400+30:1800+30"]

1. d4 d5 2. Bf4 Nf6 3. Nf3 c5 4. c3 Nc6 5. e3 Qb6 6. Qb3 c4 7. Qc2 Bf5 8. Qd2 Ne4 9. Qe2 Bg4 10. h3 Bxf3 11. gxf3 Nf6 12. e4 e6 13. e5 Nd7 14. Bg2 Be7 15. h4 h6 16. h5 Qc7 17. Qe3 b5 18. a3 a5 19. Bh3 O-O-O 20. Nd2 a4 21. Bg4 Na5 22. Qe2 Kb7 23. Nf1 Nb3 24. Rb1 Qa5 25. Ne3 Nxd4 26. Qd1 Nb3 27. Nc2 1/2-1/2

[Event "HUN-ch U8-U18 2019"]
[Site "Balatonlelle"]
[Date "2019.06.23"]
[Round "3.34"]
[White "Gencsi, David Sandor"]
[Black "Kovacs, Kristof"]
[Result "0-1"]
[ECO "C48"]
[WhiteElo "1038"]
[BlackElo "1435"]
[Annotator "NA"]
[PlyCount "138"]
[EventDate "2019.06.21"]
[EventType "swiss"]
[EventCountry "HUN"]
[SourceTitle "playchess.com"]
[Source "ChessBase"]
[SourceQuality "1"]
[TimeControl "40/5400+30:1800+30"]

1. e4 e5 2. Nf3 Nc6 3. Nc3 Nf6 4. Bb5 d6 5. d4 exd4 6. Nxd4 Bd7 7. Bg5 Be7 8. O-O O-O 9. Bxc6 bxc6 10. f4 Ng4 11. Qf3 Bxg5 12. fxg5 Qxg5 13. h3 Ne3 14. Rf2 Nc4 15. b3 Ne5 16. Qf4 Qg6 17. Nf5 Bxf5 18. Qxf5 Qxf5 19. Rxf5 g6 20. Rf4 Kg7 21. Kf2 f6 22. Ke2 Rf7 23. Raf1 Raf8 24. g4 Rh8 25. h4 h5 26. g5 fxg5 27. hxg5 Rxf4 28. Rxf4 Rf8 29. Rxf8 Kxf8 30. Kf2 Ke7 31. Kg3 Ke6 32. Kf4 Nd7 33. a4 a5 34. Na2 c5 35. c3 Nb6 36. b4 axb4 37. cxb4 Nxa4 38. bxc5 Nxc5 39. Nc3 Nd3+ 40. Ke3 Nc5 41. Nd5 c6 42. Nf6 Ke5 43. Nh7 Nxe4 44. Kf3 Kf5 45. Nf8 Nxg5+ 46. Kg3 c5 47. Nd7 c4 48. Nb6 c3 49. Nc4 Ne4+ 50. Kg2 Kf4 51. Na3 d5 52. Nc2 g5 53. Kf1 h4 54. Kg1 g4 55. Kh2 g3+ 56. Kg2 Kg4 57. Ne3+ Kg5 58. Nc2 Kf5 59. Ne3+ Ke5 60. Nc2 d4 61. Ne1 Kf4 62. Nd3+ Ke3 63. Nc1 d3 64. Nb3 c2 65. Nc5 c1=Q 66. Nxd3 Kxd3 67. Kh3 g2 68. Kxh4 g1=Q 69. Kh3 Qh6# 0-1

[Event "HUN-ch U8-U18 2019"]
[Site "Balatonlelle"]
[Date "2019.06.23"]
[Round "3.35"]
[White "Deak-Sala, Daniel"]
[Black "Biro, Daniel"]
[Result "0-1"]
[ECO "C15"]
[WhiteElo "1008"]
[BlackElo "1343"]
[Annotator "NA"]
[PlyCount "102"]
[EventDate "2019.06.21"]
[EventType "swiss"]
[EventCountry "HUN"]
[SourceTitle "playchess.com"]
[Source "ChessBase"]
[SourceQuality "1"]
[TimeControl "40/5400+30:1800+30"]

1. e4 e6 2. d4 d5 3. Nc3 Bb4 4. Nge2 dxe4 5. a3 Be7 6. Nxe4 Nf6 7. N2c3 Nxe4 8. Nxe4 c5 9. Be3 cxd4 10. Qxd4 Qxd4 11. Bxd4 O-O 12. O-O-O Nc6 13. Bc5 Bxc5 14. Nxc5 b6 15. Nb3 Bb7 16. Bd3 Rac8 17. f3 Rc7 18. Rd2 Rfc8 19. Rhd1 g6 20. Be4 Kg7 21. Rd7 Ba6 22. Rxc7 Rxc7 23. Bd3 Bxd3 24. Rxd3 Ne5 25. Rc3 Rxc3 26. bxc3 h5 27. Kd1 Nc4 28. Ke2 Nxa3 29. Kd3 Nb5 30. c4 Nd6 31. Kd4 Kf6 32. h3 h4 33. f4 Kf5 34. Ke3 Nxc4+ 35. Kf3 e5 36. fxe5 Nxe5+ 37. Ke3 Nc6 38. g4+ hxg3 39. Kf3 Ke5 40. Kxg3 Nd4 41. Na1 b5 42. Kg4 f5+ 43. Kg5 f4 44. Kxg6 f3 45. h4 f2 46. h5 f1=Q 47. h6 Qf6+ 48. Kh7 Qf7+ 49. Kh8 Ne6 50. c4 Nf8 51. cxb5 Qh7# 0-1

[Event "HUN-ch U8-U18 2019"]
[Site "Balatonlelle"]
[Date "2019.06.23"]
[Round "3.36"]
[White "Havasi, Mate Pal"]
[Black "Nagy, Levente"]
[Result "0-1"]
[ECO "B34"]
[WhiteElo "1325"]
[BlackElo "2092"]
[Annotator "NA"]
[PlyCount "106"]
[EventDate "2019.06.21"]
[EventType "swiss"]
[EventCountry "HUN"]
[SourceTitle "playchess.com"]
[Source "ChessBase"]
[SourceQuality "1"]
[TimeControl "40/5400+30:1800+30"]

1. e4 c5 2. Nf3 Nc6 3. Nc3 g6 4. d4 cxd4 5. Nxd4 Bg7 6. Be3 Nf6 7. Nxc6 bxc6 8. Bd3 O-O 9. O-O d6 10. h3 d5 11. exd5 cxd5 12. Bd4 Re8 13. Bxf6 Bxf6 14. Qf3 Bb7 15. Bb5 Rf8 16. Rad1 e6 17. Rfe1 Bg7 18. Bf1 Qc7 19. Qg3 Qc5 20. Qe3 d4 21. Na4 Qxc2 22. Qb3 Qxb3 23. axb3 Bd5 24. Bc4 Bxc4 25. bxc4 Rac8 26. b3 Rb8 27. Rd3 Rfe8 28. f3 e5 29. Nc5 Kh8 30. Na6 Rb6 31. Nc7 Reb8 32. Rb1 a5 33. Nb5 f5 34. Re1 Ra6 35. Nc7 Rc6 36. Nb5 Ra8 37. Ra1 a4 38. Kf2 e4 39. fxe4 fxe4 40. Rdd1 e3+ 41. Ke2 d3+ 42. Rxd3 Bxa1 43. bxa4 Rxa4 44. Rxe3 Rcxc4 45. Nd6 Ra2+ 46. Kf3 Rc3 47. Rxc3 Bxc3 48. Ne4 Kg7 49. Kg3 Be5+ 50. Kf3 Ra3+ 51. Ke2 Bf4 52. Nf2 Re3+ 53. Kf1 Bg3 0-1

[Event "HUN-ch U8-U18 2019"]
[Site "Balatonlelle"]
[Date "2019.06.24"]
[Round "4.1"]
[White "Kiraly, Lilla Virag"]
[Black "Markus, Molli Amina"]
[Result "0-1"]
[ECO "B23"]
[WhiteElo "1557"]
[BlackElo "1755"]
[Annotator "NA"]
[PlyCount "66"]
[EventDate "2019.06.21"]
[EventType "swiss"]
[EventCountry "HUN"]
[SourceTitle "playchess.com"]
[Source "ChessBase"]
[SourceQuality "1"]
[TimeControl "40/5400+30:1800+30"]

1. e4 c5 2. Nc3 e6 3. g3 d5 4. d3 a6 5. Bg2 d4 6. Nce2 Nc6 7. f4 Nf6 8. Nf3 Be7 9. O-O Rb8 10. Re1 b5 11. e5 Nd5 12. c4 dxc3 13. bxc3 Bb7 14. d4 cxd4 15. cxd4 O-O 16. Bd2 Rc8 17. Qb3 Qb6 18. Kh1 Rfd8 19. Red1 a5 20. Rab1 Ba6 21. Be1 a4 22. Qb2 a3 23. Qb3 b4 24. Rd2 Na5 25. Qd1 Ne3 26. Qa4 Bb5 27. Rxb4 Bxb4 28. Qxb4 Nxg2 29. Kxg2 Qa6 30. Nc3 Bc6 31. Qxa3 Bxf3+ 32. Kxf3 Qc6+ 33. Ne4 Nc4 0-1